[ AOE2 MATCH · #495990785 ]
UnrankedMagyars vs Berbers
Player's team · LOSS
Rival team · WIN
[ REPLAY ANALYSIS · EXTRACTED FROM THE RECORDED GAME ]
Feudal
11:27
Castle
15:04
Imperial
30:12
| APM avg | 106.6 |
| APM peak | 189 |
| eAPM avg | 65.7 |
| Villagers / military | 144 / 47 |
Focus
⚔️ 58.6% · 🌾 41.4%
Cavalry Archer ×30 · Monk ×9 · Scout Cavalry ×6 · Trebuchet (Packed) ×2
Feudal
11:46
Castle
15:21
Imperial
29:38
| APM avg | 46.5 |
| APM peak | 77 |
| eAPM avg | 22.9 |
| Villagers / military | 135 / 67 |
Focus
⚔️ 36.7% · 🌾 63.3%
Genitour ×32 · Camel Archer ×22 · Scout Cavalry ×8 · Trebuchet (Packed) ×4 · Monk ×1
Match map
Initial resources + every placement click. Lines = walls · curves = elevation contours. ◆ gold · ⬟ stone · ● berries · ✦ relic · ◌ wall gap
Your base· ✓ Closed at 15:04 · 18t walls · 2 gate(s)
DS_RJP's base· ✓ Closed at 15:21 · 7t walls · 4 gate(s)
Smoothed initial terrain · ◌ = detected wall gap · hover for details
Inputs per minute
— Ux'BlueUltra - - DS_RJP
Build order — Ux'BlueUltra
First 150 of 367 actions detected
| 0:00 | Create | Villager (Male) |
| 0:00 | Create | Villager (Male) |
| 0:01 | Create | Villager (Male) |
| 0:01 | Create | Villager (Male) |
| 0:02 | Build | House |
| 0:03 | Build | House |
| 1:25 | Create | Villager (Male) |
| 2:03 | Create | Villager (Male) |
| 2:03 | Create | Villager (Male) |
| 2:25 | Build | Lumber Camp |
| 2:25 | Create | Villager (Male) |
| 2:51 | Create | Villager (Male) |
| 2:51 | Create | Villager (Male) |
| 3:12 | Create | Villager (Male) |
| 3:12 | Create | Villager (Male) |
| 3:28 | Build | House |
| 3:29 | Build | House |
| 3:40 | Build | House |
| 3:43 | Create | Villager (Male) |
| 4:03 | Create | Villager (Male) |
| 4:03 | Create | Villager (Male) |
| 4:15 | Build | Palisade Wall |
| 4:17 | Build | Palisade Wall |
| 4:22 | Build | Palisade Wall |
| 4:42 | Create | Villager (Male) |
| 4:58 | Create | Villager (Male) |
| 4:58 | Create | Villager (Male) |
| 5:21 | Create | Villager (Male) |
| 5:21 | Create | Villager (Male) |
| 5:21 | Create | Villager (Male) |
| 5:49 | Build | Palisade Wall |
| 5:50 | Build | Palisade Wall |
| 5:53 | Create | Villager (Male) |
| 5:53 | Create | Villager (Male) |
| 6:05 | Build | Mill |
| 6:37 | Create | Villager (Male) |
| 6:38 | Create | Villager (Male) |
| 6:55 | Create | Villager (Male) |
| 7:55 | Create | Villager (Male) |
| 8:22 | Create | Villager (Male) |
| 8:33 | Build | Mining Camp |
| 8:46 | Create | Villager (Male) |
| 9:06 | Research | Feudal Age |
| 9:06 | Research | Feudal Age |
| 9:14 | Build | Farm |
| 9:21 | Build | Farm |
| 9:44 | Create | Villager (Male) |
| 9:44 | Create | Villager (Male) |
| 10:05 | Build | Barracks |
| 10:40 | Build | Farm |
| 11:27 | Age | Feudal Age |
| 11:32 | Build | Stable |
| 11:35 | Build | Market |
| 12:07 | Build | Farm |
| 12:20 | Build | House |
| 12:24 | Research | Castle Age |
| 12:34 | Research | Double-Bit Axe |
| 12:34 | Research | Double-Bit Axe |
| 12:34 | Research | Double-Bit Axe |
| 12:48 | Build | House |
| 12:59 | Create | Scout Cavalry |
| 13:18 | Build | House |
| 13:19 | Build | House |
| 13:26 | Create | Scout Cavalry |
| 13:33 | Research | Horse Collar |
| 13:34 | Research | Horse Collar |
| 14:25 | Create | Villager (Male) |
| 15:04 | Age | Castle Age |
| 15:06 | Build | Monastery |
| 15:07 | Research | Bow Saw |
| 15:23 | Create | Villager (Male) |
| 15:25 | Build | Farm |
| 15:44 | Create | Monk |
| 15:44 | Create | Monk |
| 15:48 | Create | Villager (Male) |
| 16:02 | Create | Villager (Male) |
| 16:02 | Create | Villager (Male) |
| 16:07 | Build | Town Center |
| 16:12 | Build | Farm |
| 16:12 | Build | Farm |
| 16:12 | Build | Farm |
| 16:16 | Build | Farm |
| 16:27 | Research | Light Cavalry (upgrade) |
| 16:27 | Research | Light Cavalry (upgrade) |
| 16:46 | Build | Farm |
| 16:46 | Build | Farm |
| 16:46 | Build | Farm |
| 16:53 | Create | Villager (Male) |
| 16:53 | Create | Villager (Male) |
| 17:02 | Build | Farm |
| 17:09 | Build | Farm |
| 17:09 | Create | Villager (Male) |
| 17:20 | Create | Monk |
| 17:29 | Build | Farm |
| 17:37 | Create | Villager (Male) |
| 17:38 | Create | Villager (Male) |
| 17:45 | Build | Farm |
| 17:45 | Build | Farm |
| 17:45 | Build | Farm |
| 17:54 | Create | Villager (Male) |
| 18:04 | Create | Villager (Male) |
| 18:07 | Build | Farm |
| 18:09 | Build | Farm |
| 18:11 | Create | Monk |
| 18:21 | Create | Scout Cavalry |
| 18:29 | Create | Monk |
| 18:47 | Create | Villager (Male) |
| 18:48 | Create | Villager (Male) |
| 18:54 | Build | Farm |
| 18:55 | Create | Monk |
| 18:56 | Create | Villager (Male) |
| 18:56 | Create | Villager (Male) |
| 19:07 | Build | House |
| 19:09 | Build | Farm |
| 19:09 | Build | Farm |
| 19:20 | Create | Villager (Male) |
| 19:20 | Create | Villager (Male) |
| 19:22 | Create | Villager (Male) |
| 19:22 | Create | Villager (Male) |
| 19:38 | Create | Villager (Male) |
| 19:48 | Create | Villager (Male) |
| 19:48 | Create | Villager (Male) |
| 19:53 | Build | Town Center |
| 19:55 | Create | Villager (Male) |
| 20:07 | Create | Villager (Male) |
| 20:07 | Create | Monk |
| 20:16 | Create | Villager (Male) |
| 20:16 | Create | Villager (Male) |
| 20:26 | Create | Villager (Male) |
| 20:26 | Create | Villager (Male) |
| 20:33 | Build | Farm |
| 20:34 | Build | Farm |
| 20:37 | Create | Villager (Male) |
| 20:37 | Create | Villager (Male) |
| 20:42 | Build | Farm |
| 20:50 | Create | Villager (Male) |
| 20:57 | Create | Villager (Male) |
| 21:02 | Create | Villager (Male) |
| 21:03 | Create | Villager (Male) |
| 21:16 | Build | Farm |
| 21:16 | Build | Farm |
| 21:17 | Build | Farm |
| 21:17 | Build | Farm |
| 21:17 | Build | Farm |
| 21:17 | Create | Villager (Male) |
| 21:24 | Create | Villager (Male) |
| 21:27 | Create | Monk |
| 21:33 | Build | Farm |
| 21:35 | Create | Villager (Male) |
| 21:36 | Create | Villager (Male) |
Build order — DS_RJP
First 150 of 361 actions detected
| 0:01 | Create | Villager (Male) |
| 0:01 | Create | Villager (Male) |
| 0:02 | Create | Villager (Male) |
| 0:02 | Create | Villager (Male) |
| 0:02 | Build | House |
| 0:04 | Build | House |
| 1:20 | Create | Villager (Male) |
| 1:43 | Create | Villager (Male) |
| 1:43 | Create | Villager (Male) |
| 1:44 | Build | Lumber Camp |
| 2:21 | Create | Villager (Male) |
| 2:45 | Create | Villager (Male) |
| 3:08 | Create | Villager (Male) |
| 3:34 | Create | Villager (Male) |
| 3:55 | Create | Villager (Male) |
| 4:02 | Build | House |
| 4:03 | Build | House |
| 4:04 | Build | House |
| 4:05 | Build | House |
| 4:30 | Create | Villager (Male) |
| 4:30 | Create | Villager (Male) |
| 4:57 | Create | Villager (Male) |
| 5:02 | Build | Mill |
| 5:09 | Create | Villager (Male) |
| 5:38 | Create | Villager (Male) |
| 5:42 | Build | Palisade Gate |
| 5:50 | Build | Palisade Wall |
| 5:55 | Build | Palisade Wall |
| 6:00 | Build | Palisade Wall |
| 6:11 | Create | Villager (Male) |
| 6:12 | Build | Palisade Wall |
| 6:16 | Build | Palisade Wall |
| 6:21 | Build | Palisade Wall |
| 6:26 | Build | Palisade Wall |
| 6:42 | Create | Villager (Male) |
| 6:55 | Create | Villager (Male) |
| 7:00 | Build | Lumber Camp |
| 7:32 | Create | Villager (Male) |
| 7:32 | Create | Villager (Male) |
| 7:51 | Create | Villager (Male) |
| 8:09 | Build | Mining Camp |
| 8:21 | Create | Villager (Male) |
| 8:28 | Build | Farm |
| 8:42 | Build | Farm |
| 8:44 | Build | Farm |
| 8:53 | Create | Villager (Male) |
| 9:17 | Research | Feudal Age |
| 11:12 | Create | Villager (Male) |
| 11:16 | Build | Barracks |
| 11:46 | Age | Feudal Age |
| 11:46 | Create | Villager (Male) |
| 11:51 | Build | Market |
| 11:55 | Build | Stable |
| 12:36 | Research | Horse Collar |
| 12:41 | Research | Castle Age |
| 13:10 | Build | Farm |
| 13:15 | Research | Double-Bit Axe |
| 13:22 | Build | Farm |
| 13:25 | Build | Farm |
| 13:33 | Create | Scout Cavalry |
| 14:05 | Create | Scout Cavalry |
| 14:11 | Build | Farm |
| 14:36 | Build | House |
| 14:42 | Create | Scout Cavalry |
| 14:51 | Create | Villager (Male) |
| 14:58 | Create | Villager (Male) |
| 15:19 | Build | House |
| 15:21 | Age | Castle Age |
| 15:24 | Build | Monastery |
| 15:38 | Research | Husbandry |
| 15:51 | Build | Town Center |
| 15:53 | Research | Bow Saw |
| 16:00 | Build | Farm |
| 16:15 | Create | Villager (Male) |
| 16:45 | Create | Villager (Male) |
| 16:45 | Create | Villager (Male) |
| 16:47 | Build | Town Center |
| 16:56 | Create | Monk |
| 16:57 | Create | Villager (Male) |
| 17:01 | Build | Farm |
| 17:08 | Create | Villager (Male) |
| 17:19 | Build | Farm |
| 17:34 | Create | Villager (Male) |
| 17:41 | Create | Villager (Male) |
| 17:43 | Build | Farm |
| 17:54 | Create | Villager (Male) |
| 17:56 | Build | House |
| 18:04 | Build | Farm |
| 18:09 | Build | Farm |
| 18:10 | Create | Villager (Male) |
| 18:10 | Create | Villager (Male) |
| 18:11 | Create | Villager (Male) |
| 18:15 | Build | Farm |
| 18:25 | Create | Villager (Male) |
| 18:52 | Create | Villager (Male) |
| 18:52 | Create | Villager (Male) |
| 19:02 | Build | House |
| 19:06 | Create | Villager (Male) |
| 19:06 | Create | Villager (Male) |
| 19:10 | Build | Town Center |
| 19:19 | Create | Villager (Male) |
| 19:25 | Create | Villager (Male) |
| 19:27 | Build | Farm |
| 19:34 | Build | Farm |
| 19:38 | Build | Mill |
| 19:38 | Build | Farm |
| 19:38 | Build | Farm |
| 19:39 | Build | Farm |
| 19:39 | Build | Farm |
| 19:43 | Create | Villager (Male) |
| 19:52 | Create | Villager (Male) |
| 19:54 | Build | Farm |
| 19:57 | Create | Villager (Male) |
| 20:09 | Create | Villager (Male) |
| 20:11 | Build | Farm |
| 20:17 | Build | Farm |
| 20:18 | Create | Villager (Male) |
| 20:19 | Create | Villager (Male) |
| 20:32 | Create | Villager (Male) |
| 20:33 | Create | Villager (Male) |
| 20:34 | Create | Villager (Male) |
| 20:36 | Build | Farm |
| 20:37 | Build | Farm |
| 20:38 | Build | Farm |
| 20:47 | Create | Villager (Male) |
| 20:48 | Create | Villager (Male) |
| 20:51 | Build | House |
| 20:51 | Build | House |
| 20:53 | Create | Villager (Male) |
| 21:04 | Create | Villager (Male) |
| 21:14 | Create | Scout Cavalry |
| 21:15 | Build | Farm |
| 21:26 | Create | Villager (Male) |
| 21:26 | Create | Villager (Male) |
| 21:34 | Research | Wheelbarrow |
| 21:52 | Create | Villager (Male) |
| 21:52 | Create | Villager (Male) |
| 21:55 | Build | Farm |
| 21:55 | Build | Farm |
| 21:55 | Build | Farm |
| 21:55 | Build | Farm |
| 21:55 | Build | Farm |
| 22:02 | Create | Villager (Male) |
| 22:02 | Create | Villager (Male) |
| 22:03 | Create | Villager (Male) |
| 22:03 | Create | Villager (Male) |
| 22:03 | Create | Villager (Male) |
| 22:05 | Build | House |
| 22:10 | Create | Villager (Male) |
| 22:40 | Create | Villager (Male) |
Match timeline
| 4:15 | Ux'BlueUltra · wall_segment Palisade Wall x1 |
| 4:17 | Ux'BlueUltra · wall_segment Palisade Wall x1 |
| 4:22 | Ux'BlueUltra · wall_segment Palisade Wall x14 |
| 5:49 | Ux'BlueUltra · wall_segment Palisade Wall x1 |
| 5:50 | Ux'BlueUltra · wall_segment Palisade Wall x1 |
| 5:50 | DS_RJP · wall_segment Palisade Wall x1 |
| 5:55 | DS_RJP · wall_segment Palisade Wall x1 |
| 6:00 | DS_RJP · wall_segment Palisade Wall x1 |
| 6:12 | DS_RJP · wall_segment Palisade Wall x1 |
| 6:16 | DS_RJP · wall_segment Palisade Wall x1 |
| 6:21 | DS_RJP · wall_segment Palisade Wall x1 |
| 6:26 | DS_RJP · wall_segment Palisade Wall x1 |
| 10:05 | Ux'BlueUltra · first_building Barracks |
| 11:16 | DS_RJP · first_building Barracks |
| 11:27 | Ux'BlueUltra · age_up feudal |
| 11:32 | Ux'BlueUltra · first_building Stable |
| 11:46 | DS_RJP · age_up feudal |
| 11:55 | DS_RJP · first_building Stable |
| 13:13 | DS_RJP · first_market_buy 100 food |
| 15:04 | Ux'BlueUltra · age_up castle |
| 15:06 | Ux'BlueUltra · first_building Monastery |
| 15:21 | DS_RJP · age_up castle |
| 15:24 | DS_RJP · first_building Monastery |
| 16:23 | Ux'BlueUltra · first_market_buy 100 food |
| 19:03 | DS_RJP · first_market_sell 100 wood |
| 27:20 | Ux'BlueUltra · first_building Archery Range |
| 27:22 | DS_RJP · first_building Castle |
| 28:41 | DS_RJP · first_building Archery Range |
| 29:29 | Ux'BlueUltra · first_market_sell 100 food |
| 29:38 | DS_RJP · age_up imperial |
| 30:03 | Ux'BlueUltra · first_building Castle |
| 30:12 | Ux'BlueUltra · age_up imperial |
| 34:31 | Ux'BlueUltra · resign |
[ AI ANALYSIS · 1 CREDIT ]
What really happened in this match?
Wolo.gg analyzes every decision: build order, eco, micro, common mistakes by bracket. Personalized analysis on WhatsApp or Discord in 30 seconds.
Civ guide
Magyars
Perfil
Ux'BlueUltra